 Seeded DCSS version 0.29.1-15-g9cfb28693d (webtiles) character file.

Game seed: 11851575853161599096 (custom seed)

110792 Giavanni the Minotaur Blade (level 16, -9/159 HPs)
             Began as a Minotaur Berserker on Mar 31, 2023.
             Was the Champion of Trog.
             Mangled by a shock serpent (20 damage)
             ... on level 1 of the Snake Pit on Apr 1, 2023.
             The game lasted 00:32:32 (24191 turns).

Giavanni the Minotaur Blade (Minotaur Berserker)   Turns: 24191, Time: 00:32:33

Health: -9/159     AC:  0    Str: 27    XL:     16   Next: 8%
Magic:  15/15      EV: 14    Int:  7    God:    Trog [******]
Gold:   1801       SH:  0    Dex: 15    Spells: 15/15 levels left

rFire   . . .      SeeInvis .   (weapon currently unavailable)
rCold   . . .      Faith    .   (shield currently unavailable)
rNeg    . . .      Spirit   .   (body armour currently unavailable)
rPois   .          Reflect  .   (helmet currently unavailable)
rElec   .          Harm     .   (cloak currently unavailable)
rCorr   .          Rampage  .   (gloves currently unavailable)
Will    +++..                   (boots currently unavailable)
Stlth   ++........              K - amulet "Busytz" {Regen+ Int+3 Dex+2}
HPRegen 2.16/turn               (ring currently unavailable)
MPRegen 0.14/turn               (ring currently unavailable)

@: lethally poisoned (-9 -> -10), pig-form, strong-willed, regenerating,
constricted, studying Short Blades, very quick
A: fast, no casting, small, (horns 2), (retaliatory headbutt)
a: Renounce Religion, Berserk, Trog's Hand, Brothers in Arms


You were on level 1 of the Snake Pit.
You worshipped Trog.
Trog was exalted by your worship.
You were a filthy swine.
You visited 4 branches of the dungeon, and saw 23 of its levels.
You also visited: Gauntlet and Volcano.

You collected 2937 gold pieces.
You spent 1136 gold pieces at shops.

Inventory:

Hand Weapons
 k - the +11 plutonium sword {Contam Stlth-}
   (You found it on level 5 of the Lair of Beasts)

   It occasionally inflicts wild transmutation effects on those it strikes,
   inflicting malmutation or extra damage, or polymorphing them into a new form.
   Contam:    It causes magical contamination when unequipped.
   Stlth:     It makes you less stealthy.
 H - the +12 triple sword of Focus (melded) {vorpal, Fly rN+}
   (Trog gifted it to you on level 2 of the Orcish Mines)

   It inflicts extra damage upon your enemies.
   rN:        It protects you from negative energy.
   Fly:       It grants you flight.
 T - a +1 great sword
Missiles
 L - 4 throwing nets (quivered)
Armour
 a - a +0 pair of gloves (melded)
 r - the +15 Maxwell's patent armour (melded) {-Cast -Tele rElec Will+ rCorr}
   (You found it on level 3 of the Dungeon)

   rElec:     It insulates you from electricity.
   -Cast:     It prevents spellcasting.
   -Tele:     It prevents most forms of teleportation.
   rCorr:     It protects you from acid and corrosion.
   Will:      It increases your willpower.
 J - a +2 cloak (melded)
 P - the +1 hat of Leapfrog {Rampage}
   (You found it in a Gauntlet)

   Rampage:   It bestows one free step when moving towards enemies.
 R - the +0 hat of the Ageless Ghosts (melded) {rElec rCorr Int-2 Slay+5}
   (You acquired it on level 2 of the Orcish Mines)

   Int:       It affects your intelligence (-2).
   Slay:      It affects your accuracy & damage with ranged weapons and melee
   (+5).
   rElec:     It insulates you from electricity.
   rCorr:     It protects you from acid and corrosion.
Jewellery
 c - a ring of positive energy
 i - a +4 ring of slaying
 p - a +4 ring of evasion
 q - a ring of fire
 s - the amulet of the Distant Future {Spirit -Cast Will+++ Str-3 Stlth+}
   (You found it on level 5 of the Lair of Beasts)

   [amulet of guardian spirit]

   It causes incoming damage to be divided between your reserves of health and
   magic.
   Str:       It affects your strength (-3).
   -Cast:     It prevents spellcasting.
   Will:      It greatly increases your willpower.
   Stlth:     It makes you more stealthy.
 v - a ring of poison resistance (melded)
 y - a ring of poison resistance (melded)
 C - a +6 ring of strength
 D - the amulet "Kisy" {Reflect Int+4 SH+5}
   (You found it on level 7 of the Dungeon)

   [amulet of reflection]

   It reflects blocked missile attacks.
   Int:       It affects your intelligence (+4).
   SH:        It affects your SH (+5).
 G - a ring of resist corrosion
 K - the amulet "Busytz" (around neck) {Regen+ Int+3 Dex+2}
   (You acquired it on level 10 of the Dungeon)

   [amulet of regeneration]

   Int:       It affects your intelligence (+3).
   Dex:       It affects your dexterity (+2).
   Regen:     It increases your rate of health regeneration.
 O - the ring "Xaymposho" {Contam +Blink Will+ Int+4}
   (You found it in a Gauntlet)

   [ring of willpower]

   Int:       It affects your intelligence (+4).
   +Blink:    It lets you blink.
   Contam:    It causes magical contamination when unequipped.
   Will:      It increases your willpower.
 Q - an amulet of guardian spirit
 U - a +6 ring of dexterity
 Z - a ring of willpower
Wands
 h - a wand of paralysis (14)
 l - a wand of light (3)
 m - a wand of flame (11)
Scrolls
 b - a scroll of enchant armour
 d - 10 scrolls of teleportation
 e - 2 scrolls of poison
 f - 2 scrolls of blinking
 g - 9 scrolls of identify
 j - 4 scrolls of enchant weapon
 w - 4 scrolls of fog
 E - 3 scrolls of magic mapping
 I - a scroll of fear
 M - a scroll of immolation
Potions
 n - 7 potions of haste
 o - 4 potions of curing
 t - 5 potions of might
 u - 2 potions of resistance
 x - 2 potions of heal wounds
 z - 2 potions of berserk rage
 A - 4 potions of lignification
 B - 6 potions of invisibility
 F - 2 potions of magic
 N - 2 potions of cancellation
 V - 3 potions of attraction
 X - 3 potions of ambrosia


   Skills:
 + Level 18.5 Fighting
 + Level 23.0 Long Blades
 + Level 19.9 Armour
 + Level 5.8 Dodging
 + Level 2.2 Stealth


You had 15 spell levels left.
You didn't know any spells.
Your spell library was empty.

Dungeon Overview and Level Annotations

Branches:
Dungeon (15/15)            Temple (0/1) D:5            Lair (5/5) D:9
 Shoals (0/4) Lair:3        Snake (1/4) Lair:2        Slime (0/5) Lair:5
    Orc (2/2) D:12            Elf (0/3) Orc:2        Vaults (0/5) D:14
 Depths (0/4) D:15        Volcano (visited)         Gauntlet (visited)

Altars:
Cheibriados
Okawaru
Uskayaw
Vehumet
Wu Jian
Yredelemnul
Jiyva

Shops:
D:4 [   D:5 [   D:7 *   D:15 [   Orc:1 !=?   Orc:2 ((?!

Annotations:
Snake:1 Kirke, Roxanne


Innate Abilities, Weirdness & Mutations

You are a filthy swine.
You move quickly.
Your equipment is almost entirely melded.
You are incapable of wielding weapons or throwing items.
You cannot cast spells.
((You have a pair of horns on your head.))
((You reflexively headbutt those who attack you in melee.))


Message History

You feel much better.
The naga warrior roars a battlecry!
The naga mage goes into a battle-frenzy!
You feel much better. The naga mage closely misses you.
The naga mage misses you. The naga mage hits you with a +0 whip.
* * * LOW HITPOINT WARNING * * *
The naga mage grabs you. The naga mage constricts you.
* * * LOW HITPOINT WARNING * * *
You feel much better. The shock serpent bites you.
The shock serpent shocks you!
* * * LOW HITPOINT WARNING * * *
The naga mage barely misses you. The naga mage constricts you.
* * * LOW HITPOINT WARNING * * *
The shock serpent bites you.
* * * LOW HITPOINT WARNING * * *
The shock serpent shocks you!
* * * LOW HITPOINT WARNING * * *
Unknown command.
You feel much better. The naga mage barely misses you.
The naga mage constricts you.
* * * LOW HITPOINT WARNING * * *
The shock serpent bites you!
* * * LOW HITPOINT WARNING * * *
The shock serpent shocks you!
* * * LOW HITPOINT WARNING * * *
The naga mage hits you with a +0 whip.
* * * LOW HITPOINT WARNING * * *
The naga mage constricts you.
* * * LOW HITPOINT WARNING * * *
Unknown command.
Unknown command.
You feel better. The shock serpent closely misses you.
The naga mage spits poison at you. The splash of poison hits you!
You are poisoned.
* * * LOW HITPOINT WARNING * * *
The naga mage constricts you.
* * * LOW HITPOINT WARNING * * *
The shock serpent bites you!!
You die...

...# #...#......#
#... ...... #..#
..... ### #..# #...
#... #..# #..# .
+....###S.# #..###...
#.....hN..###........
........S..NSS..#
##.....#k.#####.#
###.###..# S.# ...
#..# 8... ... ....
..#S. ### ......
..##... ###.#### #.#
#.. ... .# .#


You could see a naga warrior (reflecting), 2 shock serpents, a lindwurm
(summoned), a mana viper, a black mamba and a naga mage (fast, strong, catching
breath).

Vanquished Creatures
  An acid blob (Orc:2)
  An orc warlord (Orc:2)
  19 slime creatures
  A minotaur (Gauntlet)
  Josephine (D:10)
  A fire dragon (Lair:5)
  An ettin (Orc:1)
  A boulder beetle (D:12)
  A vault guard (D:14)
  6 hydras
  4 ogre magi (Orc:2)
  17 two-headed ogres
  An anaconda (Snake:1)
  4 centaur warriors (D:14)
  A death scarab (Gauntlet)
  A hell hog (Gauntlet)
  A vampire mage (D:15)
  Sonja (Lair:1)
  A fire crab (Gauntlet)
  3 skeletal warriors
  A golden dragon zombie (D:15)
  A spectral hydra (Gauntlet)
  A swamp dragon (Lair:5)
  A deep elf archer (Volcano)
  A wizard (D:9)
  2 necromancers
  The ghost of jtron the Slasher, a novice DsMo of Ashenzari (D:7)
  A stone giant zombie (D:15)
  3 wolf spiders (Lair:5)
  10 deep elf pyromancers
  2 orc sorcerers
  6 ugly things
  7 cyclopes
  2 manticores
  10 elephants
  Maurice (D:8)
  2 merfolk sirens (Lair:3)
  15 black mambas
  2 torpor snails
  13 cane toads
  2 unseen horrors
  A guardian serpent (Lair:5)
  Joseph (D:7)
  2 gargoyles
  6 rime drakes
  A freezing wraith (D:14)
  2 kobold demonologists
  7 komodo dragons
  Maggie (Lair:2)
  An efreet (D:14)
  A komodo dragon (shapeshifter) (D:15)
  A yaktaur (D:14)
  2 merfolk (Lair:3)
  4 trolls
  3 hornets (Lair:5)
  A polar bear (Lair:4)
  An ettin zombie (D:15)
  7 blink frogs
  8 dream sheep
  7 wraiths
  A water elemental (D:11)
  A shadow (D:10)
  A human (shapeshifter) (D:14)
  12 wyverns
  6 hogs (Snake:1)
  A ynoxinul (Gauntlet)
  76 yaks
  10 fire bats (Gauntlet)
  Grum (D:10)
  A vampire (D:11)
  6 fire elementals (Volcano)
  A redback (Lair:5)
  6 basilisks
  3 steam dragons (Lair:5)
  10 vampire mosquitoes
  3 wargs
  6 hell hounds
  2 nagas (Snake:1)
  2 acid dragons (Lair:5)
  24 water moccasins
  Duvessa (D:7)
  A sky beast (D:7)
  A floating eye zombie (D:15)
  A black bear (Lair:4)
  17 orc warriors
  27 wolves
  7 centaurs
  27 ogres
  4 kobold brigands
  4 phantoms
  Blork the orc (D:4)
  14 bullfrogs
  A gnoll sergeant (D:9)
  A necrophage (D:6)
  2 scorpions
  9 wights
  Dowan (D:7)
  5 killer bees (D:11)
  7 howler monkeys
  13 electric eels
  3 jellies
  14 orc priests
  4 hounds
  2 gnoll boudas
  2 iron imps (Gauntlet)
  16 orc wizards
  8 iguanas
  Natasha (thrice) (D:3)
  6 ogre zombies (D:12)
  5 adders
  13 gnolls
  A shadow imp (D:7)
  2 white imps
  3 dart slugs
  56 orcs
  8 ball pythons
  9 endoplasms
  4 giant cockroaches
  9 goblins
  6 hobgoblins
  7 jackals
  4 quokkas
  7 bats
  2 frilled lizards
  4 goblin zombies (D:12)
  5 hobgoblin zombies (D:12)
  21 kobolds
  2 orc skeletons (D:12)
  8 orc zombies (D:12)
759 creatures vanquished.

Vanquished Creatures (others)
  5 bushes
  19 fungi
  61 plants
  A withered plant (Gauntlet)
86 creatures vanquished.

Grand Total: 845 creatures vanquished

Notes
Turn   | Place    | Note
-------+----------+-------------------------------------------
     0 | D:1      | Giavanni the Minotaur Berserker began the quest for the
                  | Orb.
     0 | D:1      | Reached XP level 1. HP: 19/19 MP: 0/0
    74 | D:1      | Reached XP level 2. HP: 20/27 MP: 1/1
    80 | D:1      | Reached skill level 4 in Long Blades
   352 | D:1      | Reached XP level 3. HP: 16/33 MP: 2/2
   800 | D:1      | Reached ** piety under Trog
  1266 | D:2      | Found a faded altar of an unknown god.
  1580 | D:3      | Reached XP level 4. HP: 41/41 MP: 3/3
  1707 | D:3      | Noticed Natasha
  1713 | D:3      | Killed Natasha
  1714 | D:3      | Reached skill level 5 in Long Blades
  1866 | D:3      | Noticed Natasha
  1874 | D:3      | Killed Natasha
  2026 | D:3      | Found the +15 Maxwell's patent armour {-Cast -Tele rElec
                  | Will+ rCorr}
  2029 | D:3      | Noticed Natasha
  2036 | D:3      | Killed Natasha
  2037 | D:3      | Reached XP level 5. HP: 34/47 MP: 4/4
  2739 | D:4      | Reached skill level 5 in Fighting
  2781 | D:4      | Found Kagucra's Armour Boutique.
  2806 | D:4      | Noticed a phantom
  2820 | D:4      | Killed a phantom
  2821 | D:4      | Reached skill level 6 in Long Blades
  2821 | D:4      | Reached XP level 6. HP: 55/56 MP: 5/5
  2851 | D:4      | Reached *** piety under Trog
  2968 | D:4      | Noticed Blork the orc
  2981 | D:4      | Killed Blork the orc
  3234 | D:5      | Entered Level 5 of the Dungeon
  3254 | D:5      | Reached skill level 7 in Long Blades
  3270 | D:5      | Found Ozadgha's Antique Armour Boutique.
  3334 | D:5      | Reached XP level 7. HP: 56/61 MP: 6/6
  3400 | D:5      | Found a staircase to the Ecumenical Temple.
  3879 | D:5      | Reached skill level 8 in Long Blades
  4353 | D:6      | Reached skill level 5 in Armour
  4376 | D:6      | Reached **** piety under Trog
  4380 | D:6      | Reached skill level 9 in Long Blades
  4723 | D:6      | Reached XP level 8. HP: 70/70 MP: 7/7
  5051 | D:6      | Reached skill level 1 in Stealth
  5420 | D:7      | Found Cyud's General Store.
  5477 | D:7      | Bought 2 potions of curing for 78 gold pieces
  5478 | D:7      | Identified the +1 scale mail of Varoxzih {+Blink Int+5}
  5489 | D:7      | Reached skill level 10 in Long Blades
  5664 | D:7      | Found an iron altar of Okawaru.
  5665 | D:7      | Found a hide-covered altar of Uskayaw.
  5665 | D:7      | Found an ornate altar of the Wu Jian Council.
  5843 | D:7      | Noticed Joseph
  5856 | D:7      | Killed Joseph
  5964 | D:7      | Identified the amulet "Kisy" {Reflect Int+4 SH+5}
  6002 | D:7      | Reached XP level 9. HP: 79/79 MP: 8/8
  6065 | D:7      | Noticed jtron's ghost (novice DsMo)
  6071 | D:7      | Found a runed translucent door.
  6252 | D:7      | Noticed Duvessa
  6275 | D:7      | Killed Duvessa
  6276 | D:7      | Reached skill level 11 in Long Blades
  6428 | D:7      | Killed jtron's ghost
  6592 | D:7      | Noticed Dowan
  6595 | D:7      | Killed Dowan
  6736 | D:8      | Found a basalt altar of Yredelemnul.
  6982 | D:8      | Reached skill level 12 in Long Blades
  7306 | D:8      | Noticed Maurice
  7327 | D:8      | Killed Maurice
  7328 | D:8      | Reached XP level 10. HP: 90/90 MP: 9/9
  7404 | D:8      | Noticed a deep elf pyromancer
  7412 | D:8      | Killed a deep elf pyromancer
  7413 | D:8      | Reached skill level 13 in Long Blades
  8296 | D:9      | Noticed a manticore
  8304 | D:9      | Killed a manticore
  8305 | D:9      | Reached skill level 14 in Long Blades
  8455 | D:9      | Noticed a wizard
  8464 | D:9      | Killed a wizard
  8630 | D:9      | Reached skill level 10 in Armour
  8931 | D:9      | Found a staircase to the Lair.
  9060 | D:9      | Reached XP level 11. HP: 51/99 MP: 10/10
  9723 | D:9      | Reached skill level 15 in Long Blades
  9831 | D:10     | Entered Level 10 of the Dungeon
  9923 | D:10     | Reached skill level 10 in Fighting
 10007 | D:10     | Identified 2 scrolls of acquirement
 10007 | D:10     | Acquired the amulet "Busytz" {Regen+ Int+3 Dex+2}
 10166 | D:10     | Reached ***** piety under Trog
 10495 | D:10     | Noticed Grum
 10508 | D:10     | Killed Grum
 10973 | D:10     | Noticed Josephine
 10990 | D:10     | Killed Josephine
 11125 | D:11     | Found a gate leading to a gauntlet.
 11147 | Gauntlet | Entered a Gauntlet
 11147 | Gauntlet | Found a transporter.
 11148 | Gauntlet | Acquired a manual of Armour
 11168 | Gauntlet | Found a transporter.
 11168 | Gauntlet | Found a transporter.
 11168 | Gauntlet | Found a transporter.
 11187 | Gauntlet | Noticed a necromancer
 11331 | Gauntlet | Found a transporter.
 11339 | Gauntlet | Found a transporter.
 11343 | Gauntlet | Killed a necromancer
 11479 | Gauntlet | Found a transporter.
 11486 | Gauntlet | Identified the ring "Xaymposho" {Contam +Blink Will+ Int+4}
 11490 | Gauntlet | Noticed a death scarab
 11594 | Gauntlet | Found a transporter.
 11597 | Gauntlet | Found a transporter.
 11621 | Gauntlet | Killed a death scarab
 11622 | Gauntlet | Reached XP level 12. HP: 83/110 MP: 11/11
 11636 | Gauntlet | Found a transporter.
 11641 | Gauntlet | Noticed a hell hog
 11706 | Gauntlet | Found a runed translucent door.
 11707 | Gauntlet | Found a transporter.
 11708 | Gauntlet | Found a transporter.
 11708 | Gauntlet | Found a transporter.
 11724 | Gauntlet | Killed a hell hog
 11756 | Gauntlet | Identified the +1 hat of Leapfrog {Rampage}
 11798 | Gauntlet | Reached skill level 15 in Armour
 11800 | Gauntlet | Reached skill level 16 in Long Blades
 11856 | Gauntlet | Found a transporter.
 11876 | Gauntlet | Noticed a minotaur
 11883 | Gauntlet | Killed a minotaur
 11933 | Gauntlet | Identified the +1 leather armour of the Stonemason {Int+8
                  | Dex+6}
 12049 | D:11     | Noticed a two-headed ogre
 12055 | D:11     | Killed a two-headed ogre
 12136 | D:11     | Noticed a two-headed ogre
 12143 | D:11     | Killed a two-headed ogre
 12172 | D:11     | Noticed a two-headed ogre
 12180 | D:11     | Killed a two-headed ogre
 12221 | D:11     | Identified the +1 leather armour of Brilliance {*Slow +Inv
                  | Int+4}
 12810 | D:12     | Received a gift from Trog
 12937 | D:12     | Found a staircase to the Orcish Mines.
 13173 | D:12     | Noticed a boulder beetle
 13175 | D:12     | Noticed a seven-headed hydra
 13188 | D:12     | Killed an 11-headed hydra
 13191 | D:12     | Killed a boulder beetle
 13558 | D:13     | Noticed a seven-headed hydra
 13562 | D:13     | Killed a nine-headed hydra
 13563 | D:13     | Reached XP level 13. HP: 122/122 MP: 12/12
 13615 | D:13     | Reached skill level 17 in Long Blades
 14981 | Lair:1   | Entered Level 1 of the Lair of Beasts
 15005 | Lair:1   | Noticed Sonja
 15023 | Lair:1   | Killed Sonja
 15411 | Lair:1   | Reached skill level 5 in Dodging
 15787 | Lair:2   | Reached skill level 18 in Long Blades
 16208 | Lair:2   | Found a staircase to the Snake Pit.
 16370 | Lair:2   | Noticed Maggie
 16385 | Lair:2   | Killed Maggie
 16520 | Lair:2   | Identified the +6 hand axe of Bankruptcy {holy, rN+ Str+5
                  | Dex+2}
 17085 | Lair:3   | Reached skill level 19 in Long Blades
 17733 | Lair:3   | Found a staircase to the Shoals.
 18126 | Lair:4   | Reached XP level 14. HP: 133/133 MP: 13/13
 18354 | Lair:4   | Reached skill level 15 in Fighting
 18680 | Lair:4   | Identified the +1 broad axe of the Twenty Wonders {pain,
                  | *Noise rElec rC+++ rN+}
 19023 | Lair:5   | Entered Level 5 of the Lair of Beasts
 19321 | Lair:5   | Reached ****** piety under Trog
 19322 | Lair:5   | Reached skill level 20 in Long Blades
 19344 | Lair:5   | Found a viscous altar of Jiyva.
 19345 | Lair:5   | Found a staircase to the Slime Pits.
 19345 | Lair:5   | Found the +11 plutonium sword {Contam Stlth-}
 19387 | Lair:5   | Received a gift from Trog
 19693 | Lair:5   | Found the +4 robe of Folly {Brilliance Will-∞ Int+8}
 19717 | Lair:5   | Identified the amulet of the Distant Future {Spirit -Cast
                  | Will+++ Str-3 Stlth+}
 20239 | Lair:5   | Reached skill level 21 in Long Blades
 20522 | Orc:1    | Entered Level 1 of the Orcish Mines
 20549 | Orc:1    | Found Wumyrah's Magic Scroll Shop.
 20617 | Orc:1    | Found a dark tunnel.
 20624 | Volcano  | Entered a volcano
 20708 | Volcano  | Reached XP level 15. HP: 128/145 MP: 14/14
 20710 | Volcano  | Received a gift from Trog
 20870 | Orc:1    | Found Eruozoi's Jewellery Shoppe.
 20922 | Orc:1    | Bought a ring of poison resistance for 260 gold pieces
 20984 | Orc:1    | Found Womemuts's Distillery.
 20991 | Orc:1    | Bought a potion of heal wounds for 70 gold pieces
 21069 | Orc:1    | Found a radiant altar of Vehumet.
 21602 | Orc:2    | Entered Level 2 of the Orcish Mines
 21642 | Orc:2    | Noticed Saint Roka
 21659 | Orc:2    | Noticed Saint Roka
 21659 | Orc:2    | Saint Roka changed into Saint Roka the acid blob
 21662 | Orc:2    | Killed Saint Roka the acid blob
 21747 | Orc:2    | Reached skill level 22 in Long Blades
 21759 | Orc:2    | Identified the +12 triple sword of Focus {vorpal, Fly rN+}
                  | (Trog gifted it to you on level 2 of the Orcish Mines)
 21759 | Orc:2    | Received a gift from Trog
 22129 | Orc:2    | Found Zurch's Distillery.
 22129 | Orc:2    | Found Obbap's Weapon Shoppe.
 22130 | Orc:2    | Found Opacopu's Magic Scroll Shoppe.
 22130 | Orc:2    | Found Pirgh's Weapon Shop.
 22138 | Orc:2    | Bought a scroll of acquirement for 728 gold pieces
 22138 | Orc:2    | Acquired the +0 hat of the Ageless Ghosts {rElec rCorr
                  | Int-2 Slay+5}
 22310 | Orc:2    | Noticed an orc warlord
 22321 | Orc:2    | Killed an orc warlord
 22384 | Orc:2    | Found a staircase to the Elven Halls.
 22842 | D:14     | Received a gift from Trog
 22858 | D:14     | Found a radiant altar of Vehumet.
 23177 | D:14     | Found a gate to the Vaults.
 23364 | D:15     | Entered Level 15 of the Dungeon
 23391 | D:15     | Found a staircase to the Depths.
 23530 | D:15     | Reached XP level 16. HP: 155/158 MP: 15/15
 23584 | D:15     | Found Cheibriados's Comfort Zone.
 23584 | D:15     | Found a snail-covered altar of Cheibriados.
 23667 | D:15     | Reached skill level 23 in Long Blades
 24141 | Snake:1  | Entered Level 1 of the Snake Pit
 24145 | Snake:1  | Noticed Kirke
 24146 | Snake:1  | Identified Roxanne's Guide on the Ground
 24146 | Snake:1  | Noticed Roxanne
 24186 | Snake:1  | HP: 3/159 [shock serpent/bolt of electricity (24)]
 24191 | Snake:1  | Mangled by a shock serpent

Illustrated notes

Levels and vault maps discovered:
D:1:      lightli_iron_boxes, layout_basic
D:2:      layout_rooms, shapermc_ecumenical_altar_flowoftime
D:3:      layout_basic, uniq_natasha
D:4:      layout_rooms, serial_shops, nicolae_take_the_stairs,
          uniq_blork_the_orc
D:5:      layout_basic, minmay_temple_entry_stoned_glass, serial_shops,
          nicolae_lakefront_shop, grunt_ministairs_2,
          minmay_misc_feat_more_columns, kennysheep_generic_room_15
D:6:      layout_basic, serial_rivers, chequers_serial_rivers_small_a,
          chequers_serial_rivers_micro_c, chequers_serial_rivers_micro_d,
          chequers_serial_rivers_micro_b, chequers_serial_rivers_small_a
D:7:      layout_basic, chequers_temple_overflow_statue_of_worship,
          serial_shops, shop_statue, hellmonk_ghost_happy_afterlife,
          uniq_duvessa, uniq_joseph
D:8:      layout_loops_ring, amcnicky_altar_gilded, guppyfry_early_elven_hall,
          uniq_maurice
D:9:      kennysheep_blocky_room, layout_long_grid, erik_lair_orcish_takeover
D:10:     layout_stronghold, uniq_josephine, uniq_grum
D:11:     layout_stronghold, gauntlet_entry_generic, minmay_misc_feat_cross,
          serial_bayou_lake_a
D:12:     layout_roguey, zombieorc1_lemuel, chequers_serial_rivers_micro_c,
          nzn_sisyphean_effort
D:13:     layout_loops_ring
D:14:     layout_small_grid, david_vaults_5, serial_park_square2
D:15:     gammafunk_depths_entry_grave, layout_rooms, minivault_14,
          nicolae_hexahallways, minmay_shop_chei
Lair:1:   layout_regular_city, st_stairs_13, chequers_serial_rivers_room_a,
          serial_bayou_shore_a, grunt_megastairs_4, uniq_sonja
Lair:2:   layout_layer_cave, minmay_snake_entry_six_corridors,
          grunt_megastairs_1, uniq_maggie
Lair:3:   layout_roguey, elwin_shoals_entry_stream,
          chequers_serial_rivers_micro_d, minivault_19, grunt_megastairs_3
Lair:4:   layout_regular_city, gammafunk_lair_bear_cave,
          infiniplex_staircase_pool, serial_bayou_shore_b
Lair:5:   hangedman_lair_tendril_chambers, layout_misc_corridors,
          guppyfry_lair_end_dragon, slime_entry_1,
          nicolae_lair_run_with_the_wolves, infiniplex_staircase_pool_2,
          serial_bayou_shore_b
Snake:1:  layout_gridlike, uniq_kirke, uniq_roxanne
Orc:1:    layout_caves, nicolae_volcano_entry_two_sided, basic_altar,
          serial_shops, shop, shop, shop
Orc:2:    st_orc_ogre_mass, layout_diamond_mine, uniq_saint_roka

Skill      XL: |  1  2  3  4  5  6  7  8  9 10 11 12 13 14 15 16 |
---------------+-------------------------------------------------+-----
Fighting       | 4 5 7 8 9 11 13 14 16 18 | 18.5
Long Blades    | 4 5 6 7 9 10 12 14 15 16 19 21 22 23 | 23.0
Armour         | 3 4 5 6 8 10 13 17 18 19 | 19.9
Dodging        | 3 4 5 |  5.8
Stealth        | 1 2 |  2.2

Action                   |  1- 3 |  4- 6 |  7- 9 | 10-12 | 13-15 | 16-18 || total
-------------------------+-------+-------+-------+-------+-------+-------++-------
Melee: Falchion          |    82 |   104 |       |       |       |       ||   186
       Headbutt          |    12 |    25 |    80 |   162 |   234 |     7 ||   520
       Punch             |     1 |     1 |     6 |     4 |       |       ||    12
       Long sword        |       |    24 |   283 |   516 |       |       ||   823
       Great sword       |       |       |       |    98 |   449 |       ||   547
       Triple sword      |       |       |       |       |   541 |    34 ||   575
       Unarmed           |       |       |       |       |       |     6 ||     6
Invok: Berserk           |     1 |     2 |     6 |    18 |    18 |       ||    45
       Trog's Hand       |       |       |       |     3 |     4 |     1 ||     8
  Use: Potion            |       |       |     1 |     7 |     6 |     5 ||    19
       Scroll            |       |       |       |     9 |    22 |       ||    31
Armor: Animal skin       |    11 |       |       |       |       |       ||    11
       Ring mail         |    19 |     9 |       |       |       |       ||    28
       Plate armour      |       |    90 |   213 |   528 |   844 |    11 ||  1686
Dodge: Dodged            |    56 |    36 |   111 |   305 |   561 |    26 ||  1095
